 Dungeon Crawl Stone Soup version 0.23.2-33-g5129a83184 (webtiles) character file.

Game seed: 9512123639467895426

814 Folque the Magician (level 7, -4/53 HPs)
             Began as a Purple Draconian Ice Elementalist on July 5, 2019.
             Slain by an orc warrior
             ... wielding a +0 antimagic glaive
              (27 damage)
             ... on level 6 of the Dungeon.
             The game lasted 00:14:09 (4424 turns).

Folque the Magician (DrIE)                          Turns: 4424, Time: 00:14:11

Health: -4/53      AC: 13    Str: 11    XL:     7   Next: 62%
Magic:  1/16       EV: 12    Int: 24    God:
Gold:   220        SH:  0    Dex: 11    Spells: 9/19 levels left

rFire    . . .     SeeInvis .   x - +0 mace
rCold    . . .     Gourm    .   (no shield)
rNeg     . . .     Faith    .   (armour unavailable)
rPois    .         Spirit   .   q - +1 hat
rElec    .         Reflect  .   (no cloak)
rCorr    .         Harm     .   n - -1 pair of gloves
MR       +....                  (no boots)
Stlth    ++........             (no amulet)
HPRegen  0.00/turn              i - +3 ring of intelligence
MPRegen  0.15/turn              e - +4 ring of intelligence

@: icy armour (expiring), very slightly contaminated, non-regenerating, diseased
A: breathe power, unfitting armour, cold-blooded, AC +6
a: Breathe Dispelling Energy


You were on level 6 of the Dungeon.
You were not hungry.

You visited 1 branch of the dungeon, and saw 6 of its levels.

You collected 270 gold pieces.
You spent 50 gold pieces at shops.

Inventory:

Hand Weapons
 a - a +0 short sword
 c - a cursed -1 short sword
 o - a +0 blowgun
 x - a +0 mace (weapon)
Missiles
 p - 16 poisoned needles
Armour
 n - a -1 pair of gloves (worn)
 q - a +1 hat (worn)
Jewellery
 e - a +4 ring of intelligence (right hand)
 i - a +3 ring of intelligence (left hand)
 r - an uncursed ring of poison resistance {unknown}
Scrolls
 f - 2 scrolls of magic mapping {unknown}
 j - a scroll of remove curse
 k - 3 scrolls of identify {unknown}
 l - a scroll of fear {unknown}
 m - a scroll of blinking {unknown}
 s - a scroll of enchant weapon {unknown}
Potions
 d - 2 potions of agility
 g - 3 potions of might
 t - a potion of lignification {unknown}
 v - a potion of mutation {unknown}
 w - a potion of berserk rage {unknown}
Comestibles
 b - 11 rations
 h - 4 chunks of flesh


   Skills:
 - Level 1.9 Fighting
 - Level 1.7 Dodging
 - Level 1.7 Stealth
 + Level 6.5 Spellcasting
 - Level 1.0 Conjurations
 * Level 5.4 Summonings
 - Level 4.0 Ice Magic


You had 9 spell levels left.
You knew the following spells:

 Your Spells              Type           Power        Failure   Level  Hunger
a - Freeze                Ice            ####         1%          1    None
b - Throw Frost           Conj/Ice       ###...       4%          2    None
c - Ozocubu's Armour      Chrm/Ice       ###.....     10%         3    None
d - Summon Ice Beast      Ice/Summ       ####....     11%         4    ###....

Your spell library contained the following spells:

 Spells                   Type           Power        Failure   Level  Hunger
 Throw Icicle             Conj/Ice       ###.....     26%         4    ###....


Dungeon Overview and Level Annotations

Branches:
Dungeon (6/15)
 Temple: D:4-7

Altars:
Trog
Vehumet

Shops:
D:5 [**(


Innate Abilities, Weirdness & Mutations

You can breathe bolts of dispelling energy.
Your rich purple scales are hard. (AC +6)
You cannot fit into any form of body armour.
You are cold-blooded and may be slowed by cold attacks.


Message History

The necrophage barely misses you.
You hit the necrophage.
You destroy the necrophage!
You have got your breath back.
The shadow imp hits you.
* * * LOW HITPOINT WARNING * * *
The shadow imp grins evilly.
The shadow imp hits you.
* * * LOW HITPOINT WARNING * * *
You feel much better. The orc barely misses you.
The shadow imp hits you but does no damage.
The orc zaps a wand.
Some rock shatters into small pieces.
You hit the shadow imp.
Your tail-slap misses the shadow imp.
The shadow imp is heavily wounded.
Your icy armour starts to melt.
The orc warrior misses you. The orc hits you but does no damage.
The shadow imp misses you.
The orc warrior hits you from afar with a +0 antimagic glaive!!
Ouch! That really hurt!
You die...

.... ... ....### #..o.. ..
#.#...... #.#oo##.#
#.#.o##.# #.#.@##.#
######†#.5##.####### ..
..........................
..###.....................
#.##.###....#####.....
#..........#.#.........
.......###..#.#.....#.#.
.##.###.###..#.#.....#.#.
. . ..........'....(....


You could see an orc warrior, a shadow imp and 3 orcs.

Vanquished Creatures
  A necrophage (D:6)
  2 bullfrogs (D:6)
  A scorpion (D:5)
  A howler monkey (D:5)
  A crimson imp (D:5)
  A bullfrog zombie (D:6)
  2 hounds
  2 orc priests
  An iguana (D:6)
  2 orc wizards
  A worker ant zombie (D:6)
  Robin (D:4)
  4 adders
  An ooze (D:3)
  2 adder skeletons (D:4)
  2 worms (D:3)
  A dart slug (D:1)
  3 leopard geckos
  19 orcs
  2 giant cockroaches
  21 goblins
  8 hobgoblins
  6 jackals
  10 kobolds
  4 quokkas
  4 bats
  6 frilled lizards
  A quokka zombie (D:5)
  12 rats
122 creatures vanquished.

Vanquished Creatures (collateral kills)
  A sky beast (D:4)
  An orc (D:4)
  A quokka (D:5)
3 creatures vanquished.

Vanquished Creatures (others)
  A wizard (D:3)
  A bat (D:3)
2 creatures vanquished.

Grand Total: 127 creatures vanquished

Notes
Turn   | Place    | Note
-------+----------+-------------------------------------------
     0 | D:1      | Folque the Draconian Ice Elementalist began the quest for
                  | the Orb.
     0 | D:1      | Reached XP level 1. HP: 14/14 MP: 3/3
   307 | D:1      | Reached XP level 2. HP: 21/22 MP: 5/5
   328 | D:1      | Learned a level 2 spell: Throw Frost
   442 | D:1      | Reached skill level 1 in Fighting
  1061 | D:2      | Reached XP level 3. HP: 19/28 MP: 1/7
  1281 | D:2      | Learned a level 3 spell: Ozocubu's Armour
  1302 | D:2      | Reached skill level 3 in Spellcasting
  1465 | D:2      | Reached XP level 4. HP: 31/36 MP: 4/8
  2134 | D:3      | Found a bloodstained altar of Trog.
  2137 | D:3      | Noticed a wizard
  2142 | D:3      | Killed a wizard
  2243 | D:3      | Reached skill level 4 in Spellcasting
  2243 | D:3      | Reached XP level 5. HP: 20/41 MP: 0/11
  2409 | D:3      | Learned a level 4 spell: Summon Ice Beast
  3076 | D:4      | Reached skill level 1 in Summonings
  3131 | D:4      | Noticed Robin
  3166 | D:4      | Killed Robin
  3406 | D:4      | Found a radiant altar of Vehumet.
  3640 | D:5      | Entered Level 5 of the Dungeon
  3640 | D:5      | Noticed a sky beast
  3646 | D:4      | Reached XP level 6. HP: 34/48 MP: 5/12
  3716 | D:4      | Killed a sky beast
  3892 | D:5      | Found Zudeung's Assorted Antiques.
  3908 | D:5      | Found Diacraa's General Store.
  3962 | D:5      | Found Iphe's Antique Armour Boutique.
  3995 | D:5      | Bought a potion of heal wounds for 50 gold pieces
  4036 | D:5      | Your scales start taking on a rich purple colour.
  4036 | D:5      | Reached skill level 5 in Spellcasting
  4036 | D:5      | Reached XP level 7. HP: 53/53 MP: 3/15
  4206 | D:5      | Found Uziunuta's Antique Weapon Emporium.
  4326 | D:6      | Reached skill level 6 in Spellcasting
  4406 | D:6      | Reached skill level 5 in Summonings
  4424 | D:6      | Slain by an orc warrior

Skill      XL: |  1  2  3  4  5  6  7 |
---------------+----------------------+-----
Fighting       | 1 |  1.9
Spellcasting   | 3 4 5 6 |  6.5
Ice Magic      | 4 |  4.0
Summonings     | 2 4 5 |  5.4
Dodging        | |  1.7
Stealth        | |  1.7
Conjurations   | |  1.0

Action                   |  1- 3 |  4- 6 |  7- 9 || total
-------------------------+-------+-------+-------++-------
Melee: Short sword       |   109 |   215 |     4 ||   328
       Unarmed           |     3 |       |       ||     3
       Tailslap          |     5 |    21 |     6 ||    32
       Mace              |       |       |    61 ||    61
 Cast: Freeze            |    23 |    40 |    12 ||    75
       Ozocubu's Armour  |       |    16 |     6 ||    22
       Throw Frost       |       |    15 |     2 ||    17
       Summon Ice Beast  |       |     3 |       ||     3
 Abil: Breathe Dispellin |       |       |     1 ||     1
  Use: Scroll            |     2 |     1 |       ||     3
       Potion            |       |     2 |     2 ||     4
 Stab: Sleeping          |     3 |     5 |       ||     8
  Eat: Chunk             |     2 |    10 |     2 ||    14
Armor: Skin              |    32 |    97 |    52 ||   181
Dodge: Dodged            |    84 |   143 |    71 ||   298
